 Dungeon Crawl Stone Soup version 0.25.1-1-g288607f5aa (webtiles) character file.

Game seed: 9397835209729912920

43792 protoss039 the Protected (level 14, -8/106 HPs)
             Began as a Gnoll Earth Elementalist on July 23, 2020.
             Was a Priest of Ashenzari.
             Mangled by a blink frog (13 damage)
             ... on level 2 of the Lair of Beasts.
             The game lasted 02:06:06 (25920 turns).

protoss039 the Protected (GnEE)                    Turns: 25920, Time: 02:06:07

Health: -8/106     AC: 17    Str: 12    XL:     14   Next: 25%
Magic:  28/28      EV: 18    Int: 31    God:    Ashenzari [***...]
Gold:   713        SH:  5    Dex: 16    Spells: 5/33 levels left

rFire    . . .     SeeInvis +   I - +3 battleaxe (freeze)
rCold    + . .     Gourm    .   (shield currently unavailable)
rNeg     . . .     Faith    .   u - +1 ring mail of Purpose {*Drain MR+ Int+4} (curse)
rPois    +         Spirit   .   t - +2 helmet (curse)
rElec    .         Reflect  +   (no cloak)
rCorr    .         Harm     .   L - +0 pair of gloves (curse)
MR       ++...                  N - +2 pair of boots of Buutran {rPois rC+ Stlth+} (curse)
Stlth    +++++.....             h - amulet of reflection (curse)
HPRegen  0.27/turn              n - ring of flight (curse)
MPRegen  0.21/turn              K - ring "Utuhiomm" {rPois Int+6} (curse)

@: studying Armour
A: distributed training, fangs 1, strong nose
a: Curse Item, Scrying, Renounce Religion, Evoke Flight


You were on level 2 of the Lair of Beasts.
You worshipped Ashenzari.
Ashenzari was most pleased with you.
You were not hungry.

You visited 3 branches of the dungeon, and saw 17 of its levels.
You also visited: Ice Cave.

You collected 913 gold pieces.
You spent 200 gold pieces at shops.

Inventory:

Hand Weapons
 c - the +6 shortbow of Victory {vorpal, MR++}
   (You bought it in a shop on level 5 of the Dungeon)

   Any arrow fired from it inflicts extra damage.
   It affects your resistance to hostile enchantments.
 I - a +3 battleaxe of freezing (weapon)
 Q - a +2 whip of freezing
 R - a +0 morningstar of flaming
Missiles
 b - 356 stones (quivered)
 w - 126 arrows
Armour
 a - a +0 kite shield
 t - a cursed +2 helmet (worn)
 u - the cursed +1 ring mail of Purpose (worn) {*Drain MR+ Int+4}
   (You found it on level 4 of the Dungeon)

   It affects your intelligence (+4).
   It affects your resistance to hostile enchantments.
   It causes draining when unequipped.
   It has a curse placed upon it.
 L - a cursed +0 pair of gloves (worn)
 N - the cursed +2 pair of boots of Buutran (worn) {rPois rC+ Stlth+}
   (You found it on level 14 of the Dungeon)

   It protects you from cold.
   It protects you from poison.
   It makes you more stealthy.
   It has a curse placed upon it.
Jewellery
 h - a cursed amulet of reflection (around neck)
 n - a cursed ring of flight (left hand)
 s - an uncursed ring of magical power
 K - the cursed ring "Utuhiomm" (right hand) {rPois Int+6}
   (You acquired it on level 10 of the Dungeon)

   [ring of intelligence]

   It affects your intelligence (+6).
   It protects you from poison.
   It has a curse placed upon it.
Wands
 v - a wand of clouds (4)
 x - a wand of disintegration (6)
 z - a wand of polymorph (14)
 E - a wand of paralysis (20)
 H - a wand of digging (8)
 M - a wand of acid (9)
 P - a wand of enslavement (18)
Scrolls
 f - 4 scrolls of remove curse
 k - 2 scrolls of magic mapping
 o - 7 scrolls of teleportation
 p - 3 scrolls of enchant armour
 r - a scroll of blinking
 y - a scroll of fear
 B - a scroll of summoning
 D - 3 scrolls of fog {unknown}
 J - 4 scrolls of enchant weapon {unknown}
Potions
 e - 12 potions of curing {unknown}
 g - a potion of berserk rage {unknown}
 i - 4 potions of haste {unknown}
 j - 3 potions of lignification {unknown}
 l - 2 potions of invisibility {unknown}
 m - 3 potions of mutation {unknown}
 q - a potion of cancellation {unknown}
 A - 5 potions of brilliance {unknown}
 C - 2 potions of degeneration {unknown}
 G - 4 potions of flight {unknown}
 S - a potion of magic {unknown}
Books
 O - a manual of Armour
Comestibles
 d - 26 rations
 F - 5 chunks of flesh


   Skills:
 + Level 8.9 Fighting
 + Level 8.9 Short Blades
 + Level 8.9 Long Blades
 + Level 8.9 Axes
 + Level 8.9 Maces & Flails
 + Level 8.9 Polearms
 + Level 8.9 Staves
 + Level 8.9 Slings
 + Level 8.9 Bows
 + Level 8.9 Crossbows
 + Level 8.9 Throwing
 + Level 10.7(12.4) Armour
 + Level 10.0(11.7) Dodging
 + Level 9.8 Stealth
 + Level 8.9 Shields
 + Level 8.9 Unarmed Combat
 + Level 10.2 Spellcasting
 + Level 7.4(10.4) Conjurations
 + Level 7.4(10.4) Hexes
 + Level 7.4(10.4) Charms
 + Level 7.4(10.4) Summonings
 + Level 7.4(10.4) Necromancy
 + Level 7.4(10.4) Translocations
 + Level 7.8(10.7) Transmutations
 + Level 7.4(10.4) Fire Magic
 + Level 7.4(10.4) Ice Magic
 + Level 7.4(10.4) Air Magic
 + Level 9.3(12.1) Earth Magic
 + Level 7.4(10.4) Poison Magic
 + Level 9.7 Invocations
 + Level 8.9(11.7) Evocations


You had 5 spell levels left.
You knew the following spells:

 Your Spells              Type           Power        Failure   Level  Hunger
a - Sandblast             Erth           ######       1%          1    None
b - Passwall              Tmut/Erth      ######..     1%          2    None
c - Stone Arrow           Conj/Erth      ######       1%          3    None
d - Petrify               Tmut/Erth      ######..     1%          4    None
e - Lee's Rapid Deconstr  Erth           ######....   1%          5    ###....
f - Confusing Touch       Hex            ######..     1%          3    None
g - Gell's Gravitas       Tloc           ######....   1%          3    None
h - Blink                 Tloc           N/A          1%          2    None
i - Shroud of Golubria    Chrm/Tloc      ######       1%          2    None
j - Ozocubu's Armour      Chrm/Ice       ######..     1%          3    None

Your spell library contained the following spells:

 Spells                   Type           Power        Failure   Level  Hunger
 Freeze                   Ice            ####         1%          1    None
 Frozen Ramparts          Ice            ######       1%          3    None
 Lesser Beckoning         Tloc           ######....   1%          3    None
 Teleport Other           Tloc           ######..     1%          3    None
 Hailstorm                Conj/Ice       ######..     1%          4    None
 Passage of Golubria      Tloc           N/A          1%          4    None
 Summon Ice Beast         Ice/Summ       ######..     1%          4    None
 Yara's Violent Unravell  Hex/Tmut       ######....   1%          5    ###....
 Metabolic Englaciation   Hex/Ice        ######....   2%          5    ###....


Dungeon Overview and Level Annotations

Branches:
Dungeon (14/15)            Temple (1/1) D:4            Lair (2/6) D:10
    Orc (0/2) D:10         Vaults (0/5) D:14          IceCv (visited)
  Swamp: Lair:2-4    Shoals: Lair:2-4     Snake: Lair:2-4    Spider: Lair:2-4

Altars:
Ashenzari
Cheibriados
Dithmenos
Elyvilon
Fedhas
Gozag
Hepliaklqana
Kikubaaqudgha
Makhleb
Nemelex Xobeh
Okawaru
Qazlal
Ru
Sif Muna
Trog
Uskayaw
Vehumet
Wu Jian
Xom
Yredelemnul
Zin
The Shining One

Shops:
D:5 *   D:6 *   D:10 !   D:13 (

Annotations:
D:6 1 exclusion
D:13 2 exclusions
D:14 Nessos


Innate Abilities, Weirdness & Mutations

Your experience applies equally to all skills.
You have very sharp teeth.
Your uncanny sense of smell can sniff out nearby items.


Message History

Unknown command.
You slash the blink frog!
The blink frog seems to slow down.
You freeze the blink frog.
The blink frog is severely wounded.
You slash the blink frog!
The blink frog seems to slow down.
You freeze the blink frog!
The blink frog is no longer moving slowly.
The blink frog misses you. The blink frog hits you!
* * * LOW HITPOINT WARNING * * *
The blink frog hits you!
* * * LOW HITPOINT WARNING * * *
Unknown command.
You closely miss the blink frog.
The blink frog is almost dead.
You miss the blink frog.
The blink frog is no longer moving slowly.
The blink frog hits you!
* * * LOW HITPOINT WARNING * * *
The blink frog hits you!
You die...

#.##P...#.#####
, * #
#...........##
* , *
#.##..#..#...#
*
#.*#....###.###
* * #
#..........# ,
* *,
####.#.#..## ,
* *,#####...# ,
, ###.###.#F..#
* ..[.....F@.##
* ,* *
,.######..#..#
* ** ####..# ,
#...>.# *** ,
,, , #..##.# **
#..#* ..#* , *
* #.. ,#... ,
##,, ..F. , , *
,, ....# * *


You could see 2 blink frogs.

Vanquished Creatures
  A frost giant (IceCv)
  Erolcha (D:9)
  8 vault guards
  A hydra (Lair:1)
  A catoblepas (D:14)
  2 two-headed ogres
  A death yak (IceCv)
  4 unseen horrors
  Pikel (D:9)
  14 ugly things
  A wolf spider (D:13)
  A manticore (D:13)
  A cyclops (D:13)
  A black mamba (Lair:2)
  A spiny frog (Lair:2)
  2 rime drakes (Lair:1)
  2 kobold demonologists
  4 trolls
  A tengu conjurer (D:13)
  15 polar bears (IceCv)
  A hornet (D:13)
  2 blink frogs (Lair:2)
  Prince Ribbit (D:6)
  A hippogriff (D:12)
  4 slime creatures
  A centaur simulacrum (D:14)
  A spriggan (D:7)
  A vampire (D:12)
  A wraith (D:11)
  3 wyverns
  26 yaks
  2 hungry ghosts
  2 vampire mosquitoes (D:13)
  A soldier ant (D:13)
  An acid dragon (D:14)
  6 porcupines
  An eye of draining (D:11)
  2 ice beasts
  5 orc warriors
  4 phantoms
  4 sky beasts
  2 slaves (D:9)
  4 black bears
  6 ogres
  15 wolves (IceCv)
  A tengu (shapeshifter) (D:14)
  6 centaurs
  2 crocodiles
  10 big kobolds
  13 bullfrogs
  A water moccasin zombie (D:7)
  A water moccasin skeleton (D:8)
  A scorpion (D:8)
  10 wights
  6 howler monkeys
  4 bullfrog zombies
  3 centaur zombies
  2 crimson imps
  4 quasits
  2 bullfrog skeletons
  10 jellies
  5 hounds
  23 orc wizards
  5 centaur skeletons
  14 orc priests
  7 iguanas
  15 worker ants
  2 hound zombies
  A howler monkey zombie (D:6)
  6 worker ant zombies
  7 gnolls (D:6)
  13 adders
  7 shadow imps
  12 oozes
  An adder zombie (D:6)
  3 adder skeletons
  3 worms
  A dart slug (D:4)
  7 leopard geckos
  43 orcs
  12 giant cockroaches
  9 goblins
  11 hobgoblins
  4 quokkas
  2 ball pythons
  6 bats
  5 frilled lizards
  A jackal skeleton (D:6)
  22 kobolds
  A leopard gecko skeleton (D:5)
  10 rats
  3 fungi
  A plant (Lair:2)
498 creatures vanquished.

Vanquished Creatures (others)
  2 yaks (IceCv)
  A wolf (IceCv)
  An orc wizard (D:6)
  6 oozes (D:9)
  A kobold (D:9)
  32 fungi
  4 plants (D:10)
47 creatures vanquished.

Grand Total: 545 creatures vanquished

Notes
Turn   | Place    | Note
-------+----------+-------------------------------------------
     0 | D:1      | protoss039 the Gnoll Earth Elementalist began the quest for
                  | the Orb.
     0 | D:1      | Reached XP level 1. HP: 13/13 MP: 6/6
    82 | D:1      | Reached XP level 2. HP: 10/19 MP: 7/7
  1197 | D:2      | Reached XP level 3. HP: 25/25 MP: 9/9
  1220 | D:2      | Reached skill level 5 in Spellcasting
  1459 | D:2      | Reached skill level 1 in Invocations
  1586 | D:2      | Learned a level 2 spell: Passwall
  1590 | D:2      | Learned a level 3 spell: Stone Arrow
  1913 | D:2      | Reached skill level 1 in Fighting
  1913 | D:2      | Reached skill level 1 in Short Blades
  1913 | D:2      | Reached skill level 1 in Long Blades
  1913 | D:2      | Reached skill level 1 in Axes
  1913 | D:2      | Reached skill level 1 in Maces & Flails
  1913 | D:2      | Reached skill level 1 in Polearms
  1913 | D:2      | Reached skill level 1 in Staves
  1913 | D:2      | Reached skill level 1 in Slings
  1913 | D:2      | Reached skill level 1 in Bows
  1913 | D:2      | Reached skill level 1 in Crossbows
  1913 | D:2      | Reached skill level 1 in Throwing
  1913 | D:2      | Reached skill level 1 in Armour
  1913 | D:2      | Reached skill level 1 in Shields
  1913 | D:2      | Reached skill level 1 in Unarmed Combat
  1913 | D:2      | Reached skill level 1 in Evocations
  2439 | D:3      | Reached XP level 4. HP: 29/32 MP: 7/11
  2531 | D:3      | Found a white marble altar of Elyvilon.
  2661 | D:3      | Found a basalt altar of Yredelemnul.
  2714 | D:3      | Found a radiant altar of Vehumet.
  3199 | D:4      | Found a staircase to the Ecumenical Temple.
  3209 | D:4      | Reached skill level 1 in Conjurations
  3209 | D:4      | Reached skill level 1 in Hexes
  3209 | D:4      | Reached skill level 1 in Charms
  3209 | D:4      | Reached skill level 1 in Summonings
  3209 | D:4      | Reached skill level 1 in Necromancy
  3209 | D:4      | Reached skill level 1 in Translocations
  3209 | D:4      | Reached skill level 1 in Fire Magic
  3209 | D:4      | Reached skill level 1 in Ice Magic
  3209 | D:4      | Reached skill level 1 in Air Magic
  3209 | D:4      | Reached skill level 1 in Poison Magic
  3209 | D:4      | Reached XP level 5. HP: 37/37 MP: 7/12
  3212 | Temple   | Entered the Ecumenical Temple
  3526 | Temple   | Became a worshipper of Ashenzari the Shackled
  3904 | D:4      | Reached XP level 6. HP: 25/44 MP: 5/13
  4193 | D:4      | Reached skill level 5 in Dodging
  4467 | D:4      | Got the cursed ring mail of Purpose {*Drain MR+ Int+4}
  4478 | D:4      | Identified the cursed +1 ring mail of Purpose {*Drain MR+
                  | Int+4} (You found it on level 4 of the Dungeon)
  4933 | D:4      | Learned a level 4 spell: Petrify
  4934 | D:5      | Entered Level 5 of the Dungeon
  4943 | D:5      | Reached XP level 7. HP: 46/50 MP: 13/15
  4984 | D:5      | Found Olelef's Assorted Antiques.
  4992 | D:5      | Bought a blackened shortbow for 200 gold pieces
  4994 | D:5      | Identified the +6 shortbow of Victory {vorpal, MR++} (You
                  | bought it in a shop on level 5 of the Dungeon)
  5531 | D:5      | Reached skill level 5 in Stealth
  5789 | D:5      | Reached XP level 8. HP: 57/57 MP: 16/16
  7311 | D:6      | Reached * piety under Ashenzari
  7322 | D:6      | Noticed Prince Ribbit
  7333 | D:6      | Killed Prince Ribbit
  7466 | D:6      | Found Puamem's General Store.
  7525 | D:6      | Found an iron altar of Okawaru.
  7542 | D:6      | Reached XP level 9. HP: 65/65 MP: 18/18
  8430 | D:7      | Found a bloodstained altar of Trog.
  8962 | D:6      | Learned a level 5 spell: Lee's Rapid Deconstruction
  9118 | D:7      | Reached skill level 5 in Invocations
  9496 | D:7      | Reached XP level 10. HP: 70/73 MP: 20/20
 10127 | D:8      | Reached skill level 5 in Fighting
 10127 | D:8      | Reached skill level 5 in Short Blades
 10127 | D:8      | Reached skill level 5 in Long Blades
 10127 | D:8      | Reached skill level 5 in Axes
 10127 | D:8      | Reached skill level 5 in Maces & Flails
 10127 | D:8      | Reached skill level 5 in Polearms
 10127 | D:8      | Reached skill level 5 in Staves
 10127 | D:8      | Reached skill level 5 in Slings
 10127 | D:8      | Reached skill level 5 in Bows
 10127 | D:8      | Reached skill level 5 in Crossbows
 10127 | D:8      | Reached skill level 5 in Throwing
 10127 | D:8      | Reached skill level 5 in Armour
 10127 | D:8      | Reached skill level 5 in Shields
 10127 | D:8      | Reached skill level 5 in Unarmed Combat
 10127 | D:8      | Reached skill level 5 in Evocations
 10856 | D:9      | Noticed Pikel
 10872 | D:9      | Killed Pikel
 11559 | D:9      | Reached skill level 5 in Transmutations
 11592 | D:9      | Noticed Erolcha
 11976 | D:9      | Killed Erolcha
 12343 | D:9      | Learned a level 3 spell: Confusing Touch
 12347 | D:9      | Learned a level 3 spell: Gell's Gravitas
 12348 | D:10     | Entered Level 10 of the Dungeon
 12455 | D:10     | Reached XP level 11. HP: 75/81 MP: 22/22
 12533 | D:10     | Noticed a red ugly thing
 12595 | D:9      | Killed a red ugly thing
 12761 | D:10     | Found a basalt altar of Yredelemnul.
 12785 | D:10     | Found a staircase to the Lair.
 12792 | D:10     | Noticed a two-headed ogre
 13067 | D:10     | Reached skill level 5 in Conjurations
 13067 | D:10     | Reached skill level 5 in Hexes
 13067 | D:10     | Reached skill level 5 in Charms
 13067 | D:10     | Reached skill level 5 in Summonings
 13067 | D:10     | Reached skill level 5 in Necromancy
 13067 | D:10     | Reached skill level 5 in Translocations
 13067 | D:10     | Reached skill level 5 in Fire Magic
 13067 | D:10     | Reached skill level 5 in Ice Magic
 13067 | D:10     | Reached skill level 5 in Air Magic
 13067 | D:10     | Reached skill level 5 in Poison Magic
 13134 | D:10     | Killed a two-headed ogre
 13398 | D:10     | Found Deuka's Distillery.
 13410 | D:10     | Found a staircase to the Orcish Mines.
 13693 | D:10     | Killed an unseen horror
 13962 | D:10     | Killed an unseen horror
 14266 | D:11     | Killed an unseen horror
 14806 | D:11     | Noticed a two-headed ogre
 14987 | D:10     | Identified a scroll of acquirement
 14988 | D:10     | Acquired the cursed ring "Utuhiomm" {rPois Int+6}
 14998 | D:11     | Noticed a cyan ugly thing
 15006 | D:11     | Noticed a green ugly thing
 15159 | D:10     | Learned a level 2 spell: Blink
 15162 | D:10     | Learned a level 2 spell: Shroud of Golubria
 15280 | D:11     | Reached XP level 12. HP: 89/89 MP: 21/24
 15317 | D:11     | Killed a two-headed ogre
 15841 | D:11     | Reached ** piety under Ashenzari
 17210 | D:12     | Found a stormy altar of Qazlal.
 18695 | D:13     | Found Itwooniri's Antique Weapon Shop.
 19350 | D:14     | Found a hide-covered altar of Uskayaw.
 19398 | D:14     | Found a gate to the Vaults.
 19398 | D:14     | Noticed a vault guard
 19398 | D:14     | Noticed a vault guard
 19398 | D:14     | Noticed a vault guard
 19404 | D:14     | Noticed a vault guard
 19405 | D:14     | Noticed a vault guard
 19406 | D:14     | Noticed a vault guard
 19406 | D:14     | Noticed a vault guard
 19407 | D:14     | Noticed a vault guard
 19408 | D:14     | Killed a vault guard
 19408 | D:14     | Reached XP level 13. HP: 98/98 MP: 10/26
 19411 | D:14     | Killed a vault guard
 19422 | D:14     | Killed a vault guard
 19472 | D:13     | Killed a vault guard
 20100 | D:13     | Killed a vault guard
 20173 | D:13     | Killed a vault guard
 20325 | D:14     | Killed a vault guard
 20761 | D:14     | Killed a vault guard
 20952 | D:14     | Noticed Nessos
 21111 | D:14     | Identified the +2 pair of boots of Buutran {rPois rC+
                  | Stlth+}
 22193 | Lair:1   | Entered Level 1 of the Lair of Beasts
 22336 | Lair:1   | Reached *** piety under Ashenzari
 22412 | Lair:1   | Found a frozen archway.
 22651 | IceCv    | Entered an ice cave
 22680 | IceCv    | Reached skill level 10 in Armour
 23420 | IceCv    | Reached skill level 10 in Spellcasting
 23515 | IceCv    | Reached XP level 14. HP: 64/106 MP: 28/28
 23718 | IceCv    | Learned a level 3 spell: Ozocubu's Armour
 23887 | IceCv    | Noticed a frost giant
 24675 | IceCv    | Killed a frost giant
 25342 | Lair:1   | Reached skill level 10 in Dodging
 25920 | Lair:2   | HP: 5/106 [blink frog (13)]
 25920 | Lair:2   | Mangled by a blink frog

Illustrated notes

Levels and vault maps discovered:
D:1:      minmay_arrival_wavy_path, layout_loops_ring, minmay_fountain_box
D:2:      layout_basic, first_ration, minivault_11, minmay_small_reverse_x
D:3:      layout_basic, vehumet_crystals, kennysheep_ying_yang,
          kennysheep_small_spiral
D:4:      layout_cave_pools, minmay_temple_entry_proselytizer
D:5:      layout_layer_cave, serial_shops, shop
D:6:      layout_basic, lemuel_crystal_altar, serial_shops, shop_statue,
          minmay_diced_spiral, uniq_prince_ribbit1
D:7:      layout_basic, the_bakery, trog_hazing_becter
D:8:      layout_rooms, grunt_potential
D:9:      lemuel_slime, layout_gridville, uniq_pikel, uniq_erolcha
D:10:     layout_roguey, due_lair_maze_entry_diamond, basic_altar, serial_shops,
          shop, minmay_fractal_squares_5
D:11:     layout_gridville, special_room [special_room_kobold], minivault_19
D:12:     layout_cave_pools, nicolae_qazlal_general_emergency
D:13:     layout_loops_ring, serial_shops, shop
D:14:     layout_grid_maze, erik_vaults_2, corexii_leaking_fountain,
          basic_altar, kennysheep_generic_room_14, uniq_louise, uniq_nessos
Temple:   hc_temple_tempest_star
Lair:1:   layout_regular_city, portal_ice_cave_rime, grunt_forest_stairs_basic,
          lemuel_fruit_fields, lemuel_fruit_tree
Lair:2:   lemuel_ratsnest, layout_loops_ring, basic_altar

Skill      XL: |  1  2  3  4  5  6  7  8  9 10 11 12 13 14 |
---------------+-------------------------------------------+-----
Transmutations | 2 3 4 5 6 7 |  7.8
Spellcasting   | 5 6 7 8 9 10 | 10.2
Invocations    | 1 2 3 4 5 6 7 8 9 |  9.7
Fighting       | 1 2 3 4 5 6 7 8 |  8.9
Short Blades   | 1 2 3 4 5 6 7 8 |  8.9
Long Blades    | 1 2 3 4 5 6 7 8 |  8.9
Axes           | 1 2 3 4 5 6 7 8 |  8.9
Maces & Flails | 1 2 3 4 5 6 7 8 |  8.9
Polearms       | 1 2 3 4 5 6 7 8 |  8.9
Staves         | 1 2 3 4 5 6 7 8 |  8.9
Slings         | 1 2 3 4 5 6 7 8 |  8.9
Bows           | 1 2 3 4 5 6 7 8 |  8.9
Crossbows      | 1 2 3 4 5 6 7 8 |  8.9
Throwing       | 1 2 3 4 5 6 7 8 |  8.9
Armour         | 1 2 3 4 5 7 8 10 | 10.7
Shields        | 1 2 3 4 5 6 7 8 |  8.9
Unarmed Combat | 1 2 3 4 5 6 7 8 |  8.9
Evocations     | 1 2 3 4 5 6 7 8 |  8.9
Conjurations   | 1 2 3 4 5 6 7 |  7.4
Hexes          | 1 2 3 4 5 6 7 |  7.4
Charms         | 1 2 3 4 5 6 7 |  7.4
Summonings     | 1 2 3 4 5 6 7 |  7.4
Necromancy     | 1 2 3 4 5 6 7 |  7.4
Translocations | 1 2 3 4 5 6 7 |  7.4
Fire Magic     | 1 2 3 4 5 6 7 |  7.4
Ice Magic      | 1 2 3 4 5 6 7 |  7.4
Air Magic      | 1 2 3 4 5 6 7 |  7.4
Poison Magic   | 1 2 3 4 5 6 7 |  7.4
Dodging        | 5 6 7 8 9 10 | 10.0
Stealth        | 5 6 7 8 9 |  9.8
Earth Magic    | 6 7 8 9 |  9.3

Action                   |  1- 3 |  4- 6 |  7- 9 | 10-12 | 13-15 || total
-------------------------+-------+-------+-------+-------+-------++-------
Melee: Dagger            |    28 |       |       |       |       ||    28
       Hand axe          |    75 |    44 |    69 |       |       ||   188
       Bite              |    12 |     3 |    24 |    37 |    54 ||   130
       Morningstar       |       |       |   115 |     3 |   193 ||   311
       Punch             |       |       |     5 |       |    13 ||    18
       Battleaxe         |       |       |     9 |   331 |   145 ||   485
       Shortbow          |       |       |       |     1 |     1 ||     2
 Fire: Shortbow          |       |       |   222 |   453 |   108 ||   783
 Cast: Sandblast         |    19 |    46 |    19 |     2 |    14 ||   100
       Stone Arrow       |       |    25 |       |     8 |    17 ||    50
       Confusing Touch   |       |       |       |    38 |    42 ||    80
       Lee's Rapid Decon |       |       |       |    56 |    52 ||   108
       Petrify           |       |       |       |    16 |     7 ||    23
       Gell's Gravitas   |       |       |       |     1 |     1 ||     2
       Shroud of Golubri |       |       |       |     6 |    14 ||    20
       Blink             |       |       |       |       |    13 ||    13
Invok: Curse Item        |       |       |       |     3 |     3 ||     6
 Abil: Evoke Flight      |       |     1 |       |       |     6 ||     7
       Stop Flying       |       |       |       |       |     5 ||     5
  Use: Scroll            |       |       |       |    17 |     2 ||    19
 Stab: Sleeping          |     6 |     5 |     2 |     3 |       ||    16
       Confused          |       |       |       |    23 |    50 ||    73
       Petrified         |       |       |       |     2 |       ||     2
  Eat: Chunk             |     5 |     9 |    14 |    34 |    12 ||    74
       Ration            |       |       |       |     3 |     4 ||     7
Armor: Robe              |    21 |    16 |       |       |       ||    37
       Ring mail         |       |     2 |    91 |   194 |   115 ||   402
Dodge: Dodged            |   108 |    63 |   163 |   317 |   226 ||   877
Block: Other             |       |     4 |    63 |    88 |    70 ||   225
       Reflection        |       |     1 |     9 |     2 |       ||    12
